 Dungeon Crawl Stone Soup version 0.32-a0-898-g7811c86cf0 (webtiles) character file.

Game seed: 18236469057674775442

1187 Ajdolov the Thaumaturge (level 8, 0/52 HPs)
             Began as a Mummy Alchemist on Apr 4, 2024.
             Was an Initiate of Gozag.
             Slain by a hell rat (8 damage)
             ... on level 5 of the Dungeon.
             The game lasted 00:09:51 (5328 turns).

Ajdolov the Thaumaturge (Mummy Alchemist)           Turns: 5328, Time: 00:09:51

Health: 0/52       AC:  4    Str: 12    XL:     8   Next: 19%
Magic:  12/20      EV: 11    Int: 16    God:    Gozag
Gold:   471        SH:  5    Dex: 12    Spells: 17/24 levels left

rFire   x . .        i - +2 dagger (elec)
rCold   + . .        (no shield)
rNeg    + + +        a - +0 robe
rPois   ∞            k - +0 helmet
rElec   .            f - +0 cloak {rPois}
rCorr   .            (no gloves)
SInv    .            (no boots)
Will    +....        b - amulet of reflection
Stlth   ++           (no ring)
HPRegen 0.28/turn    (no ring)
MPRegen 0.17/turn

%: reflection, faith
@: no status effects
A: cold resistance 1, negative energy resistance 3, torment resistance 2, heat
vulnerability 1, in touch with death 1, no potions, faith
a: Renounce Religion, Potion Petition, Call Merchant, Bribe Branch


You were on level 5 of the Dungeon.
You worshipped Gozag.
Gozag was aware of your devotion.
You visited 2 branches of the dungeon, and saw 6 of its levels.

You collected 520 gold pieces.
You paid 49 gold pieces to Gozag.

Inventory:

Hand Weapons
 c - a +0 sling
 i - a +2 dagger of electrocution (weapon)
Armour
 a - a +0 robe (worn)
 f - a +0 cloak of poison resistance (worn)
 k - a +0 helmet (worn)
Magical Staves
 e - a staff of alchemy
Jewellery
 b - an amulet of reflection (around neck)
Wands
 g - a wand of quicksilver (4)
Scrolls
 d - 5 scrolls of identify {unknown}
 h - a scroll of brand weapon {unknown}
 j - 2 scrolls of enchant armour {unknown}
 l - 2 scrolls of poison {unknown}
 m - 2 scrolls of teleportation {unknown}
 n - a scroll of amnesia {unknown}


   Skills:
 - Level 1.5 Dodging
 - Level 1.5 Stealth
 + Level 8.7 Spellcasting
 - Level 0.7 Conjurations
 + Level 6.3 Alchemy


You had 17 spell levels left.
You knew the following spells:

 Your Spells              Type           Power      Damage    Failure   Level
a - Sting                 Conj/Alch      72%        1d7       2%          1
b - Olgreb's Toxic Radia  Alch           27%        N/A       8%          4
c - Mercury Vapours       Alch/Air       34%        N/A       4%          2

Your spell library contained the following spells:

 Spells                   Type           Power      Damage    Failure   Level
 Mephitic Cloud           Conj/Alch/Air  14%        N/A       12%         3
 Call Imp                 Summ           14%        N/A       16%         2
 Petrify                  Alch/Erth      17%        N/A       28%         4
 Sticky Flame             Fire/Alch      17%        2d5       28%         4
 Irradiate                Conj/Alch      9%         3d14      56%         5
 Summon Hydra             Summ           3%         N/A       100%        7
 Sublimation of Blood     Necr           Unusable   N/A       N/A         2

Dungeon Overview and Level Annotations

Branches:
Dungeon (5/15)             Temple (1/1) D:4

Altars:
Ashenzari
Cheibriados
Dithmenos
Fedhas
Gozag
Hepliaklqana
Kikubaaqudgha
Makhleb
Nemelex Xobeh
Okawaru
Qazlal
Ru
Uskayaw
Vehumet
Wu Jian
Xom
Yredelemnul


Innate Abilities, Weirdness & Mutations

You are immune to poison.
Your flesh is cold resistant. (rC+)
You are immune to negative energy. (rN+++)
You are immune to unholy pain and torment.
You are vulnerable to heat. (rF-)
You are in touch with the powers of death.
You do not drink.
You have a special connection with the divine. (Faith)


Message History

You block the hell rat's attack. The hell rat attacks as it pursues you!
The hell rat bites you but does no damage.
You kill the hell rat!
The hell rat attacks as it pursues you! The hell rat barely misses you.
The sting misses the hell rat.
The hell rat bites you!
The sting misses the hell rat.
The hell rat completely misses you. The hell rat misses you.
The sting hits the hell rat but does no damage.
The hell rat is poisoned.
The hell rat bites you!
The sting hits the hell rat but does no damage.
The hell rat looks even sicker.
The hell rat bites you!
Unknown command.
You are too injured to fight recklessly!
You are too injured to fight recklessly!
Aiming: Sting (safe; 2% risk of failure)
Press: ? - help, Q - select action, (/) - cycle Shift-Dir - straight line, f/p - hell rat
Aim: a hell rat (very poisoned, 74% to hit)
The sting hits the hell rat.
The hell rat looks even sicker.
The hell rat is moderately wounded.
The hell rat is distracted by your dazzling golden aura.
Aiming: Sting (safe; 2% risk of failure)
Press: ? - help, Q - select action, (/) - cycle Shift-Dir - straight line, f/p - hell rat
Aim: a hell rat (moderately wounded, unaware, very poisoned, hasn't noticed you, 74% to hit)
The sting hits the hell rat.
The hell rat looks as sick as possible!
The hell rat is heavily wounded.
The hell rat is no longer distracted by gold.
The hell rat roars deafeningly!
The hell rat barely misses you.
Aiming: Sting (safe; 2% risk of failure)
Press: ? - help, Q - select action, (/) - cycle Shift-Dir - straight line, f/p - hell rat
Aim: a hell rat (heavily wounded, extremely poisoned, 74% to hit)
The sting hits the hell rat but does no damage.
The hell rat looks as sick as possible!
The hell rat is heavily wounded.
The hell rat bites you!
* * * LOW HITPOINT WARNING * * *
The hell rat bites you!
You die...
Your body crumbles into a pile of gold.

....# ###.# #.# #.#
#.# ### #.###
##.#####
#...###.#r##.####
###.##r##.#.#r..#
#.##.###.###@.#######
#.##$# ### ###......#
##.#.## ######.#
##..##.# r## #.#
#...#.## #..# #.#
#.<.#r# r#r# #.#
#...#.## #.r# #.#
##..##.# #..# #.#
##.#.## ..# #.#


You could see a hell rat (extremely poisoned).

Vanquished Creatures
  2 ogres
  A centaur (D:5)
  A phantom (D:5)
  A gnoll sergeant (D:4)
  3 scorpions
  A howler monkey (D:4)
  2 hounds (D:5)
  A jelly (D:4)
  3 bombardier beetles
  An iguana (D:3)
  An orc wizard (D:5)
  4 hell rats (D:5)
  5 gnolls
  2 adders
  12 river rats (D:5)
  A dart slug (D:1)
  6 orcs
  12 ball pythons
  7 bats
  5 endoplasms
  2 giant cockroaches
  11 goblins
  3 hobgoblins
  3 jackals (D:1)
  4 kobolds
  5 quokkas
  4 frilled lizards
  7 rats
110 creatures vanquished.

Notes
Turn   | Place    | Note
-------+----------+-------------------------------------------
     0 | D:1      | Ajdolov the Mummy Alchemist began the quest for the Orb.
     0 | D:1      | Reached XP level 1. HP: 13/13 MP: 4/4
   110 | D:1      | Reached skill level 3 in Spellcasting
   130 | D:1      | Reached XP level 2. HP: 18/19 MP: 0/6
   978 | D:2      | Reached XP level 3. HP: 24/24 MP: 2/8
  1300 | D:2      | Reached skill level 4 in Spellcasting
  2020 | D:3      | Reached XP level 4. HP: 30/30 MP: 6/10
  2663 | D:3      | Reached XP level 5. HP: 31/35 MP: 9/12
  2795 | D:4      | Found a staircase to the Ecumenical Temple.
  2804 | Temple   | Entered the Ecumenical Temple
  2818 | Temple   | Became a worshipper of Gozag Ym Sagoz the Greedy
  2906 | D:4      | Reached skill level 5 in Spellcasting
  3134 | D:4      | Noticed an ogre
  3149 | D:4      | Reached XP level 6. HP: 41/41 MP: 10/14
  3293 | D:4      | Reached skill level 6 in Spellcasting
  4127 | D:5      | Entered Level 5 of the Dungeon
  4158 | D:5      | Reached skill level 5 in Alchemy
  4158 | D:5      | Reached XP level 7. HP: 42/46 MP: 12/17
  4304 | D:5      | Reached skill level 7 in Spellcasting
  4676 | D:5      | Reached skill level 8 in Spellcasting
  4693 | D:5      | Learned a level 4 spell: Olgreb's Toxic Radiance
  4696 | D:5      | Learned a level 2 spell: Mercury Vapours
  4925 | D:5      | Reached XP level 8. HP: 52/52 MP: 12/20
  5328 | D:5      | Slain by a hell rat

Illustrated notes

Levels and vault maps discovered:
D:1:      co_arrival_random_square_maze, layout_basic
D:2:      layout_basic, minmay_nonomino_d4
D:3:      layout_basic
D:4:      layout_basic, minmay_temple_entry_poolview
D:5:      layout_loops_ring, portal_sewer_entry_a, wander_guarded_unrand_ratskin
Temple:   nicolae_temple_bog_church

Skill      XL: |  1  2  3  4  5  6  7 |
---------------+----------------------+-----
Spellcasting   | 3 4 5 6 8 |  8.7
Alchemy        | 3 4 5 6 |  6.3
Dodging        | |  1.5
Stealth        | |  1.5
Conjurations   | |  0.7

Action                     |  1- 3 |  4- 6 |  7- 9 || total
---------------------------+-------+-------+-------++-------
  Melee: Dagger            |     5 |    20 |    43 ||    68
         Staff             |     1 |       |       ||     1
   Fire: Sling             |    22 |       |       ||    22
   Cast: Sting             |    75 |    86 |    91 ||   252
         Olgreb's Toxic Ra |       |       |     2 ||     2
         Mercury Vapours   |       |       |     1 ||     1
  Evoke: Wand              |       |     1 |       ||     1
 Armour: Robe              |    18 |    19 |    63 ||   100
  Dodge: Dodged            |    19 |    20 |    49 ||    88
  Block: Other             |     5 |     7 |    24 ||    36
         Reflection        |       |     3 |     1 ||     4

Table legend: (Time is in decaauts)
 A = Elapsed time spent in this place.
 B = Non-inter-level travel time spent in this place.
 C = Inter-level travel time spent in this place.
 D = Time resting spent in this place.
 E = Time spent auto-exploring this place.
 F = Levels seen in this place.
 G = Mean time per level.
                   A        B        C        D        E       F      G
               +--------+--------+--------+--------+--------+-----+--------+
         Total |   5337 |   5116 |    221 |    297 |   3883 |   6 |  889.5 |
       Dungeon |   5308 |   5100 |    208 |    297 |   3883 |   5 | 1061.6 |
        Temple |     29 |     16 |     13 |      0 |      0 |   1 |   29.0 |
               +--------+--------+--------+--------+--------+-----+--------+

Top non-repeatable levels by time:
     D:5: 1200 daAuts
     D:4: 1138 daAuts
     D:3: 1073 daAuts
     D:1: 957 daAuts
     D:2: 938 daAuts
  Temple: 29 daAuts
